[Event "26th Triest Festival 2024"]
[Site "Triest"]
[Date "2024.09.02"]
[Round "3.12"]
[White "Papadiamandis, Elliot"]
[Black "Valsecchi, Alessio"]
[Result "1/2-1/2"]
[Annotator "RC"]
[ECO "C08"]
[WhiteElo "2329"]
[BlackElo "2475"]
[PlyCount "182"]
[EventDate "2024.09.02"]
[EventType "swiss"]
[EventCountry "ITA"]
[SourceTitle "playchess.com"]
[Source "ChessBase"]
[SourceQuality "1"]
[TimeControl "5400+30"]

1. e4 e6 2. d4 d5 3. Nd2 a6 4. exd5 exd5 5. Ngf3 Nf6 6. Bd3 c5 7. dxc5 Bxc5 8. Nb3 Be7 9. h3 Nc6 10. O-O O-O 11. c3 Ne4 12. Bf4 Bf5 13. Nfd4 Bg6 14. Bc2 Rc8 15. Nxc6 bxc6 16. Nd2 Nc5 17. Nb3 Ne6 18. Be3 c5 19. Bxg6 hxg6 20. Qf3 d4 21. Rad1 Bf6 22. Qg4 Re8 23. Rd2 Rc7 24. Rfd1 Rce7 25. cxd4 cxd4 26. Nxd4 Nxd4 27. Bxd4 Re1+ 28. Kh2 Qd6+ 29. f4 Rxd1 30. Qxd1 Qxf4+ 31. g3 Qc7 32. Bxf6 gxf6 33. Qf3 f5 34. Re2 Rd8 35. h4 Qc1 36. Rf2 Qb1 37. a3 Qe4 38. Kg2 Rd3 39. Qxe4 fxe4 40. g4 a5 41. g5 a4 42. Re2 Rd4 43. Kg3 f5 44. gxf6 Kf7 45. Re3 Kxf6 46. Kf4 Rd2 47. Rxe4 Rf2+ 48. Kg3 Rxb2 49. Rxa4 Kf5 50. Rf4+ Ke5 51. Rf3 Ke6 52. Kg4 Rg2+ 53. Rg3 Rc2 54. Kg5 Kf7 55. Kh6 Rc4 56. Rf3+ Kg8 57. Kg5 Kg7 58. Rf4 Rc1 59. Rb4 Rg1+ 60. Kf4 Kf6 61. a4 Ra1 62. Ke4 Ke6 63. Kd4 Kd6 64. Kc4 Kc6 65. Kb3 Rb1+ 66. Kc3 Rg1 67. Re4 Kd5 68. Rf4 Kc5 69. Kd3 Kd5 70. a5 Rg3+ 71. Ke2 Kc6 72. Ra4 Kb7 73. a6+ Ka7 74. Kf2 Rc3 75. Kg2 Rd3 76. Ra5 Rc3 77. Ra2 Rd3 78. Rc2 Kxa6 79. Rc6+ Kb7 80. Rxg6 Kc7 81. h5 Rd5 82. h6 Rh5 83. Ra6 Kb7 84. Rf6 Kc7 85. Kg3 Kd7 86. Kg4 Ke7 87. Ra6 Rh1 88. Kg5 Kf7 89. Ra7+ Kg8 90. h7+ Rxh7 91. Rxh7 Kxh7 1/2-1/2